Adelaide Pink Elephants vs Philadelphia Phantoms
Created - Thursday, November 14, 2024 at 09:16
Goals
|
| Adelaide Pink Elephants |
1 |
1 |
0 |
2 |
| Philadelphia Phantoms |
2 |
2 |
0 |
4 |
|
Shots
|
| Adelaide Pink Elephants |
8 |
17 |
10 |
35 |
| Philadelphia Phantoms |
14 |
22 |
3 |
39 |
|
1st period
1. Philadelphia Phantoms , Jack McBain 30 (Adam Klapka 9, Louis Crevier 11) at 3:53
2. Adelaide Pink Elephants , Cal Clutterbuck 42 (Denis Gurianov 52) at 7:54
3. Philadelphia Phantoms , Jack McBain 31 (Tye Kartye 30) at 13:33
Penalties :
Brett Murray (PHP) for Interference (Minor) at 0:26, Jake Allen (PHP) for Slashing (Minor) at 0:43 - Brandon Duhaime served the penalty, Adam Klapka (PHP) for Fighting (Major) at 17:58, Robin Salo (APE) for Fighting (Major) at 17:58
2nd period
4. Philadelphia Phantoms , Alex Steeves 22 (Juuso Parssinen 39, Egor Afanasyev 45) at 6:58 (PP)
5. Philadelphia Phantoms , Jack McBain 32 (Tye Kartye 31) at 12:19
6. Adelaide Pink Elephants , Noah Cates 39 (Cal Clutterbuck 51) at 16:28
Penalties :
Marcus Bjork (PHP) for Fighting (Major) at 0:37, Ben Gleason (APE) for Fighting (Major) at 0:37, Marcus Bjork (PHP) for instigated a fight (Minor) at 0:37, Marcus Bjork (PHP) for instigated a fight (10 Minutes Misconduct) at 0:37, Ryan Suzuki (APE) for Delaying the game (Minor) at 5:59, Tye Kartye (PHP) for Hooking (Minor) at 8:19
3rd period
No Goal
Penalties :
Jack McBain (PHP) for Tripping (Minor) at 0:19, Adam Klapka (PHP) for Tripping (Minor) at 3:36, Jake Allen (PHP) for Slashing (Minor) at 9:45 - William Borgen served the penalty
Goalie Stats
Daniel Vladar (APE), 35 saves from 39 shots - (0.897), L, 11-6-1, 60:00 minutes
Jake Allen (PHP), 33 saves from 35 shots - (0.943), W, 17-7-1, 60:00 minutes
Players Stats for Adelaide Pink Elephants
Player Name G A P +/- PIM S H SB GA TA FO MP PP MP PK MP
------------------------------------------------------------------------------------
Akil Thomas 0 0 0 0 0 2 2 1 0 0 5/11 21:48 6:01 0:00
Ben Gleason 0 0 0 0 5 0 0 1 0 1 0/0 12:25 0:00 0:00
Cal Clutterbuck 1 1 2 2 0 4 4 1 1 1 4/5 23:24 5:20 0:24
Colton Dach 0 0 0 -2 0 2 2 1 0 0 0/0 13:58 0:05 0:00
Daemon Hunt 0 0 0 0 0 4 2 3 0 1 0/0 25:27 5:26 0:38
Denis Gurianov 0 1 1 1 0 3 1 0 0 0 0/1 19:58 5:20 0:35
Francesco Pinelli 0 0 0 0 0 0 1 0 0 0 0/0 4:56 0:45 0:00
Fredrik Olofsson 0 0 0 -1 0 3 1 1 0 1 4/15 19:45 6:01 0:35
Ilya Solovyov 0 0 0 1 0 3 2 2 0 0 0/0 21:28 5:26 0:38
Nick Cicek 0 0 0 0 0 1 0 0 0 0 0/0 13:39 0:00 0:00
Noah Cates 1 0 1 2 0 7 3 0 0 0 6/23 23:26 5:20 0:24
Robin Salo 0 0 0 -1 5 0 1 0 0 1 0/0 18:44 5:32 0:21
Ryan Suzuki 0 0 0 -2 2 1 3 0 0 0 3/8 15:07 0:50 0:00
Ryder Korczak 0 0 0 0 0 0 0 0 0 0 0/0 3:09 0:45 0:00
Sean Farrell 0 0 0 -1 0 3 3 0 0 1 1/1 18:56 6:01 0:00
Tristen Robins 0 0 0 -2 0 2 0 1 0 1 0/0 13:02 0:00 0:00
Ville Heinola 0 0 0 -1 0 0 0 0 0 0 0/0 8:49 1:18 0:00
William Wallinder 0 0 0 -1 0 0 1 0 0 2 0/0 20:57 6:45 0:21
Players Stats for Philadelphia Phantoms
Player Name G A P +/- PIM S H SB GA TA FO MP PP MP PK MP
------------------------------------------------------------------------------------
Adam Klapka 0 1 1 -1 7 4 1 1 3 0 7/11 13:20 0:00 2:57
Alex Steeves 1 0 1 -1 0 5 1 1 1 0 1/1 13:44 0:59 0:00
Brandon Duhaime 0 0 0 -1 0 2 2 0 0 0 0/0 15:25 0:00 4:25
Brett Murray 0 0 0 3 2 1 0 0 0 0 0/1 14:21 0:00 1:21
Egor Afanasyev 0 1 1 -1 0 2 1 0 0 0 13/20 17:25 0:59 3:12
Jack McBain 3 0 3 3 2 5 3 1 0 0 12/21 16:37 0:00 5:00
James Malatesta 0 0 0 0 0 4 4 0 0 0 0/0 11:17 0:00 0:00
Jaret Anderson-Dolan 0 0 0 -1 0 4 3 0 1 0 0/0 10:58 0:00 0:00
Juuso Parssinen 0 1 1 -1 0 1 4 1 1 0 0/0 14:22 0:59 0:29
Louis Crevier 0 1 1 2 0 1 2 0 1 0 0/0 14:54 0:00 0:00
Luca Del Bel Belluz 0 0 0 0 0 1 3 1 0 0 7/7 11:17 0:00 0:00
Marcus Bjork 0 0 0 -1 17 1 2 0 0 0 0/0 16:16 0:00 4:13
Nick Blankenburg 0 0 0 -1 0 2 1 1 0 0 0/0 23:58 0:00 5:45
Pontus Holmberg 0 0 0 0 0 2 1 0 0 0 1/3 16:12 0:00 5:16
Ryan Johnson 0 0 0 0 0 1 0 1 0 0 0/0 21:17 0:59 5:58
Tye Kartye 0 2 2 3 2 1 1 0 2 0 0/0 11:14 0:00 0:00
Tyler Kleven 0 0 0 3 0 1 1 0 0 1 0/0 19:00 0:59 2:37
William Borgen 0 0 0 -1 0 1 3 0 0 0 0/0 24:24 0:00 5:49
3 Stars
1 - Jack McBain (PHP)
2 - Cal Clutterbuck (APE)
3 - Jake Allen (PHP)
Power Play
Adelaide Pink Elephants - 0 on 7 Attempt(s) - 0.00%
Philadelphia Phantoms - 1 on 1 Attempt(s) - 100.00%
Penalty Kill
Adelaide Pink Elephants - 0 on 1 Attempt(s) - 0.00%
- Score 0 goal in Penalty Kill
Philadelphia Phantoms - 7 on 7 Attempt(s) - 100.00%
- Score 0 goal in Penalty Kill
Team Stat
Adelaide Pink Elephants - Hits : 26 - Faceoff Wins : 23 - Blocked Shots : 11 - Penalty Minutes : 12
Philadelphia Phantoms - Hits : 33 - Faceoff Wins : 41 - Blocked Shots : 7 - Penalty Minutes : 34
Official
Referees : Marc Joannette and Justin St. Pierre
Linesman : Dan Kelly and Andrew Smith
Game Notes
Adam Klapka beats up Robin Salo at 17:58 of 1st period
Marcus Bjork and Ben Gleason fight to a draw at 0:37 of 2nd period
Jack McBain has scored a Hat Trick!
Adelaide Pink Elephants
5 vs 5 Forward
Center Left Wing Right Wing Time % Phy DF OF
1 Noah Cates Denis Gurianov Cal Clutterbuck 30 1 2 2
2 Fredrik Olofsson Sean Farrell Akil Thomas 30 1 2 2
3 Ryan Suzuki Colton Dach Tristen Robins 25 1 2 2
4 Akil Thomas Cal Clutterbuck Noah Cates 15 1 2 2
5 vs 5 Defense
Defense Defense Time % Phy DF OF
1 Daemon Hunt Ilya Solovyov 30 1 2 2
2 William Wallinder Robin Salo 30 1 2 2
3 Ben Gleason Nick Cicek 25 1 2 2
4 Ville Heinola Daemon Hunt 15 1 2 2
PowerPlay Forward
Center Left Wing Right Wing Time % Phy DF OF
1 Noah Cates Denis Gurianov Cal Clutterbuck 50 1 2 2
2 Fredrik Olofsson Sean Farrell Akil Thomas 50 1 2 2
PowerPlay Defense
Defense Defense Time % Phy DF OF
1 Daemon Hunt Ilya Solovyov 50 1 2 2
2 William Wallinder Robin Salo 50 1 2 2
Penalty Kill 4 Players Forward
Center Wing Time % Phy DF OF
1 Cal Clutterbuck Noah Cates 50 1 2 2
2 Denis Gurianov Fredrik Olofsson 50 1 2 2
Penalty Kill 4 Players Defense
Defense Defense Time % Phy DF OF
1 Daemon Hunt Ilya Solovyov 50 1 2 2
2 William Wallinder Robin Salo 50 1 2 2
Penalty Kill - 3 Players Forward
Forward Time % Phy DF OF
1 Cal Clutterbuck 50 1 2 2
2 Noah Cates 50 1 2 2
Penalty Kill - 3 Players Defense
Defense Defense Time % Phy DF OF
1 Daemon Hunt Ilya Solovyov 50 1 2 2
2 William Wallinder Robin Salo 50 1 2 2
4 vs 4 Forward
Center Wing Time % Phy DF OF
1 Cal Clutterbuck Noah Cates 50 1 2 2
2 Denis Gurianov Fredrik Olofsson 50 1 2 2
4 vs 4 Defense
Defense Defense Time % Phy DF OF
1 Daemon Hunt Ilya Solovyov 50 1 2 2
2 William Wallinder Robin Salo 50 1 2 2
Last Minutes Offensive
Center Left Wing Right Wing Defense Defense
Noah Cates Denis Gurianov Cal Clutterbuck Daemon Hunt Ilya Solovyov
Last Minutes Defensive
Center Left Wing Right Wing Defense Defense
Noah Cates Denis Gurianov Cal Clutterbuck Daemon Hunt Ilya Solovyov
Goaltenders
Starting : Daniel Vladar
Backup : Unknown Goalie
Extra Forwards
Normal : Francesco Pinelli, Ryder Korczak, Ryan Suzuki - PP : Francesco Pinelli, Ryder Korczak - PK : Ryan Suzuki
Extra Defensemen
Normal : Ben Gleason, Nick Cicek, Ville Heinola - PP : Ben Gleason - PK : Nick Cicek, Ville Heinola
Penalty Shots
Cal Clutterbuck, Noah Cates, Denis Gurianov, Fredrik Olofsson, Ryan Suzuki
Scratches
Kyle Masters (Healthy), Brett Harrison (Healthy), Jakub Brabenec (Healthy), Philippe Daoust (Healthy), Antti Raanta (Healthy)
Matthew Murray (Healthy)
Philadelphia Phantoms
5 vs 5 Forward
Center Left Wing Right Wing Time % Phy DF OF
1 Egor Afanasyev Juuso Parssinen Alex Steeves 25 0 1 4
2 Jack McBain Tye Kartye Brett Murray 25 0 2 3
3 Luca Del Bel Belluz James Malatesta Pontus Holmberg 25 0 2 3
4 Adam Klapka Brandon Duhaime Jaret Anderson-Dolan 25 0 1 4
5 vs 5 Defense
Defense Defense Time % Phy DF OF
1 William Borgen Nick Blankenburg 35 0 3 2
2 Ryan Johnson Marcus Bjork 35 0 3 2
3 Tyler Kleven Louis Crevier 30 0 3 2
4 William Borgen Nick Blankenburg 0 0 3 2
PowerPlay Forward
Center Left Wing Right Wing Time % Phy DF OF
1 Egor Afanasyev Juuso Parssinen Alex Steeves 50 0 0 5
2 Jack McBain James Malatesta Tye Kartye 50 0 0 5
PowerPlay Defense
Defense Defense Time % Phy DF OF
1 William Borgen Nick Blankenburg 50 0 1 4
2 Ryan Johnson Marcus Bjork 50 0 1 4
Penalty Kill 4 Players Forward
Center Wing Time % Phy DF OF
1 Jack McBain Pontus Holmberg 50 0 5 0
2 Adam Klapka Brandon Duhaime 50 0 5 0
Penalty Kill 4 Players Defense
Defense Defense Time % Phy DF OF
1 William Borgen Nick Blankenburg 50 0 5 0
2 Ryan Johnson Marcus Bjork 50 0 5 0
Penalty Kill - 3 Players Forward
Forward Time % Phy DF OF
1 Jack McBain 50 0 5 0
2 Pontus Holmberg 50 0 5 0
Penalty Kill - 3 Players Defense
Defense Defense Time % Phy DF OF
1 William Borgen Nick Blankenburg 50 0 5 0
2 Ryan Johnson Marcus Bjork 50 0 5 0
4 vs 4 Forward
Center Wing Time % Phy DF OF
1 Egor Afanasyev Juuso Parssinen 50 0 1 4
2 Jack McBain Tye Kartye 50 0 2 3
4 vs 4 Defense
Defense Defense Time % Phy DF OF
1 William Borgen Nick Blankenburg 50 0 3 2
2 Ryan Johnson Marcus Bjork 50 0 3 2
Last Minutes Offensive
Center Left Wing Right Wing Defense Defense
Egor Afanasyev Juuso Parssinen James Malatesta William Borgen Nick Blankenburg
Last Minutes Defensive
Center Left Wing Right Wing Defense Defense
Jack McBain Pontus Holmberg Brandon Duhaime William Borgen Nick Blankenburg
Goaltenders
Starting : Jake Allen
Backup : Dennis Hildeby
Extra Forwards
Normal : Brett Murray, Juuso Parssinen, Pontus Holmberg - PP : Brett Murray, Juuso Parssinen - PK : Jack McBain
Extra Defensemen
Normal : Tyler Kleven, William Borgen, Marcus Bjork - PP : Tyler Kleven - PK : William Borgen, Marcus Bjork
Penalty Shots
Egor Afanasyev, Alex Steeves, Juuso Parssinen, Brett Murray, Luca Del Bel Belluz
Scratches
Nils Aman (Healthy), Filip Cederqvist (Healthy), Tyrel Bauer (Healthy), Matthew Seminoff (Healthy), Ryan Hofer (Healthy)
Josh Lopina (Healthy)
% Time on Ice - Adelaide Pink Elephants
Lines # - Real PCT - Wanted PCT - Time Play
Normal Forward
1 - 31% - 30% - 14:19
2 - 34% - 30% - 15:42
3 - 28% - 25% - 13:12
4 - 8% - 15% - 3:37
Normal Defense
1 - 32% - 30% - 14:50
2 - 30% - 30% - 13:51
3 - 28% - 25% - 13:06
4 - 11% - 15% - 5:03
PP Forward
1 - 47% - 50% - 5:40
2 - 53% - 50% - 6:31
PP Defense
1 - 45% - 50% - 5:26
2 - 55% - 50% - 6:45
PK Forward
1 - 41% - 50% - 0:24
2 - 59% - 50% - 0:35
PK Defense
1 - 64% - 50% - 0:38
2 - 36% - 50% - 0:21
PK3 Forward
1 - 0% - 50%
2 - 0% - 50%
PK3 Defense
1 - 0% - 50%
2 - 0% - 50%
44 Forward
1 - 0% - 50%
2 - 0% - 50%
44 Defense
1 - 0% - 50%
2 - 0% - 50%
Last Minute Offensive - 0:00
Last Minute Defensive - 0:00
Total
Forward - 60:00
Defense - 60:00
|
% Time on Ice - Philadelphia Phantoms
Lines # - Real PCT - Wanted PCT - Time Play
Normal Forward
1 - 27% - 25% - 12:50
2 - 25% - 25% - 11:45
3 - 24% - 25% - 11:17
4 - 23% - 25% - 10:58
Normal Defense
1 - 37% - 35% - 17:23
2 - 34% - 35% - 16:03
3 - 29% - 30% - 13:24
4 - 0% - 0% - 0:00
PP Forward
1 - 100% - 50% - 0:59
2 - 0% - 50% - 0:00
PP Defense
1 - 0% - 50% - 0:00
2 - 100% - 50% - 0:59
PK Forward
1 - 46% - 50% - 4:52
2 - 54% - 50% - 5:37
PK Defense
1 - 52% - 50% - 5:27
2 - 48% - 50% - 5:02
PK3 Forward
1 - 55% - 50% - 0:56
2 - 45% - 50% - 0:46
PK3 Defense
1 - 48% - 50% - 0:49
2 - 52% - 50% - 0:53
44 Forward
1 - 0% - 50%
2 - 0% - 50%
44 Defense
1 - 0% - 50%
2 - 0% - 50%
Last Minute Offensive - 0:00
Last Minute Defensive - 0:00
Total
Forward - 60:00
Defense - 60:00
|
Play-by-Play
1st period
0:01 of 1st period - Noah Cates wins face-off versus Egor Afanasyev in neutral zone.
0:23 of 1st period - Icing by Cal Clutterbuck.
0:24 of 1st period - Jack McBain wins face-off versus Akil Thomas in Adelaide Pink Elephants zone.
0:26 of 1st period - Minor Penalty to Brett Murray for Interference.
0:27 of 1st period - Jack McBain wins face-off versus Noah Cates in Philadelphia Phantoms zone.
0:43 of 1st period - Wrist shot by Noah Cates.
0:43 of 1st period - Stopped by Jake Allen without a rebound.
0:43 of 1st period - Minor Penalty to Jake Allen for Slashing.
0:44 of 1st period - Jack McBain wins face-off versus Fredrik Olofsson in Philadelphia Phantoms zone.
1:10 of 1st period - Pontus Holmberg is hit by Cal Clutterbuck and loses puck.
2:26 of 1st period - Penalty to Brett Murray is over, Brett Murray is back on ice.
2:30 of 1st period - Denis Gurianov is hit by Nick Blankenburg and loses puck.
2:43 of 1st period - Penalty to Brandon Duhaime is over, Brandon Duhaime is back on ice.
2:53 of 1st period - Brandon Duhaime is hit by Francesco Pinelli.
3:53 of 1st period - Wrist shot by Jack McBain.
3:53 of 1st period - Goal by Jack McBain - Adelaide Pink Elephants : 0 - Philadelphia Phantoms : 1.
3:54 of 1st period - Jack McBain wins face-off versus Fredrik Olofsson in neutral zone.
4:38 of 1st period - Off-side.
4:39 of 1st period - Egor Afanasyev wins face-off versus Noah Cates in neutral zone.
4:50 of 1st period - Slapshot by Alex Steeves.
4:50 of 1st period - Stopped by Daniel Vladar without a rebound.
4:51 of 1st period - Fredrik Olofsson wins face-off versus Adam Klapka in Adelaide Pink Elephants zone.
5:02 of 1st period - Snap shot by Akil Thomas.
5:02 of 1st period - Stopped by Jake Allen without a rebound.
5:03 of 1st period - Jack McBain wins face-off versus Akil Thomas in Philadelphia Phantoms zone.
5:12 of 1st period - Akil Thomas is hit by Marcus Bjork and loses puck.
5:33 of 1st period - Wrist shot by James Malatesta.
5:33 of 1st period - Stopped by Daniel Vladar without a rebound.
5:34 of 1st period - Luca Del Bel Belluz wins face-off versus Fredrik Olofsson in Adelaide Pink Elephants zone.
5:41 of 1st period - Wrist shot by James Malatesta.
5:41 of 1st period - Stopped by Daniel Vladar without a rebound.
5:42 of 1st period - Sean Farrell wins face-off versus Adam Klapka in Adelaide Pink Elephants zone.
6:23 of 1st period - Slapshot by Fredrik Olofsson.
6:23 of 1st period - Stopped by Jake Allen with a rebound.
6:29 of 1st period - William Borgen is hit by Akil Thomas and loses puck.
6:54 of 1st period - Wrist shot by Jaret Anderson-Dolan.
6:54 of 1st period - Stopped by Daniel Vladar with a rebound.
6:56 of 1st period - Slapshot by Adam Klapka.
6:56 of 1st period - Shot Misses the Net.
6:58 of 1st period - Slapshot by Nick Blankenburg.
6:58 of 1st period - Shot Blocked by Akil Thomas.
7:00 of 1st period - Snap shot by Adam Klapka.
7:00 of 1st period - Stopped by Daniel Vladar without a rebound.
7:01 of 1st period - Jack McBain wins face-off versus Denis Gurianov in Adelaide Pink Elephants zone.
7:46 of 1st period - Off-side.
7:47 of 1st period - Cal Clutterbuck wins face-off versus Egor Afanasyev in neutral zone.
7:54 of 1st period - Wrist shot by Cal Clutterbuck.
7:54 of 1st period - Goal by Cal Clutterbuck - Adelaide Pink Elephants : 1 - Philadelphia Phantoms : 1.
7:55 of 1st period - Egor Afanasyev wins face-off versus Noah Cates in neutral zone.
8:49 of 1st period - Fredrik Olofsson is hit by Pontus Holmberg and loses puck.
9:01 of 1st period - Off-side.
9:02 of 1st period - Adam Klapka wins face-off versus Noah Cates in neutral zone.
9:27 of 1st period - Daemon Hunt is hit by Alex Steeves and loses puck.
10:20 of 1st period - Slapshot by Pontus Holmberg.
10:20 of 1st period - Shot Misses the Net.
10:36 of 1st period - Slapshot by Denis Gurianov.
10:36 of 1st period - Deflect By Colton Dach.
10:36 of 1st period - Stopped by Jake Allen with a rebound.
10:38 of 1st period - Slapshot by William Wallinder.
10:38 of 1st period - Shot Misses the Net.
10:49 of 1st period - Icing by William Borgen.
10:50 of 1st period - Egor Afanasyev wins face-off versus Fredrik Olofsson in Philadelphia Phantoms zone.
10:50 of 1st period - Egor Afanasyev is hit by Akil Thomas.
11:16 of 1st period - Wrist shot by Cal Clutterbuck.
11:16 of 1st period - Shot Misses the Net.
11:18 of 1st period - Snap shot by Denis Gurianov.
11:18 of 1st period - Shot Hit the Post.
13:07 of 1st period - Pontus Holmberg is hit by Noah Cates and loses puck.
13:22 of 1st period - Noah Cates is hit by Brandon Duhaime and loses puck.
13:31 of 1st period - Slapshot by Adam Klapka.
13:31 of 1st period - Stopped by Daniel Vladar without a rebound.
13:32 of 1st period - Jack McBain wins face-off versus Ryan Suzuki in Adelaide Pink Elephants zone.
13:33 of 1st period - Wrist shot by Tye Kartye.
13:33 of 1st period - Deflect By Jack McBain.
13:33 of 1st period - Goal by Jack McBain - Adelaide Pink Elephants : 1 - Philadelphia Phantoms : 2.
13:34 of 1st period - Jack McBain wins face-off versus Akil Thomas in neutral zone.
14:01 of 1st period - Luca Del Bel Belluz is hit by Ryan Suzuki and loses puck.
14:22 of 1st period - Pontus Holmberg is hit by Sean Farrell.
14:32 of 1st period - Snap shot by James Malatesta.
14:32 of 1st period - Stopped by Daniel Vladar without a rebound.
14:33 of 1st period - Egor Afanasyev wins face-off versus Noah Cates in Adelaide Pink Elephants zone.
14:36 of 1st period - Slapshot by Juuso Parssinen.
14:36 of 1st period - Stopped by Daniel Vladar without a rebound.
14:37 of 1st period - Alex Steeves wins face-off versus Noah Cates in Adelaide Pink Elephants zone.
14:46 of 1st period - Snap shot by Egor Afanasyev.
14:46 of 1st period - Shot Misses the Net.
14:48 of 1st period - Snap shot by Juuso Parssinen.
14:48 of 1st period - Shot Misses the Net.
14:50 of 1st period - Snap shot by Juuso Parssinen.
14:50 of 1st period - Shot Misses the Net.
14:52 of 1st period - Snap shot by Louis Crevier.
14:52 of 1st period - Stopped by Daniel Vladar with a rebound.
15:04 of 1st period - Tyler Kleven is hit by Sean Farrell and loses puck.
15:09 of 1st period - Snap shot by Fredrik Olofsson.
15:09 of 1st period - Shot Misses the Net.
15:11 of 1st period - Snap shot by Robin Salo.
15:11 of 1st period - Shot Misses the Net.
15:13 of 1st period - Slapshot by Sean Farrell.
15:13 of 1st period - Stopped by Jake Allen without a rebound.
15:14 of 1st period - Egor Afanasyev wins face-off versus Ryan Suzuki in Philadelphia Phantoms zone.
15:54 of 1st period - Cal Clutterbuck is hit by Tye Kartye and loses puck.
16:09 of 1st period - Slapshot by Pontus Holmberg.
16:09 of 1st period - Stopped by Daniel Vladar with a rebound.
16:11 of 1st period - Slapshot by Marcus Bjork.
16:11 of 1st period - Shot Misses the Net.
17:04 of 1st period - Snap shot by Adam Klapka.
17:04 of 1st period - Stopped by Daniel Vladar with a rebound.
17:19 of 1st period - Icing by Fredrik Olofsson.
17:20 of 1st period - Luca Del Bel Belluz wins face-off versus Fredrik Olofsson in Adelaide Pink Elephants zone.
17:21 of 1st period - Wrist shot by James Malatesta.
17:21 of 1st period - Stopped by Daniel Vladar with a rebound.
17:43 of 1st period - Backhand shot by Sean Farrell.
17:43 of 1st period - Shot Blocked by Adam Klapka.
17:45 of 1st period - Snap shot by Sean Farrell.
17:45 of 1st period - Stopped by Jake Allen without a rebound.
17:46 of 1st period - Adam Klapka wins face-off versus Akil Thomas in Philadelphia Phantoms zone.
17:58 of 1st period - Adam Klapka beats up Robin Salo.
17:58 of 1st period - Penalty to Adam Klapka for Fighting.
17:58 of 1st period - Penalty to Robin Salo for Fighting.
17:59 of 1st period - Akil Thomas wins face-off versus Egor Afanasyev in Philadelphia Phantoms zone.
18:00 of 1st period - Wrist shot by Noah Cates.
18:00 of 1st period - Stopped by Jake Allen with a rebound.
19:10 of 1st period - Snap shot by Cal Clutterbuck.
19:10 of 1st period - Shot Misses the Net.
19:26 of 1st period - Snap shot by Egor Afanasyev.
19:26 of 1st period - Shot Misses the Net.
19:28 of 1st period - Wrist shot by Juuso Parssinen.
19:28 of 1st period - Shot Hit the Post.
19:56 of 1st period - Ryan Suzuki is hit by Luca Del Bel Belluz and loses puck.
Goals for this period are 1 for Adelaide Pink Elephants vs 2 for Philadelphia Phantoms.
Shots for this period are 8 for Adelaide Pink Elephants vs 14 for Philadelphia Phantoms.
2nd period
0:01 of 2nd period - Egor Afanasyev wins face-off versus Noah Cates in neutral zone.
0:04 of 2nd period - Wrist shot by Alex Steeves.
0:04 of 2nd period - Deflect By Egor Afanasyev.
0:04 of 2nd period - Shot Misses the Net.
0:04 of 2nd period - Puck is out of play.
0:05 of 2nd period - Egor Afanasyev wins face-off versus Noah Cates in Adelaide Pink Elephants zone.
0:06 of 2nd period - Wrist shot by Alex Steeves.
0:06 of 2nd period - Stopped by Daniel Vladar with a rebound.
0:20 of 2nd period - Snap shot by Cal Clutterbuck.
0:20 of 2nd period - Stopped by Jake Allen with a rebound.
0:34 of 2nd period - Slapshot by Jaret Anderson-Dolan.
0:34 of 2nd period - Stopped by Daniel Vladar without a rebound.
0:35 of 2nd period - Ryan Suzuki wins face-off versus Brett Murray in Adelaide Pink Elephants zone.
0:37 of 2nd period - Marcus Bjork and Ben Gleason fight to a draw.
0:37 of 2nd period - Penalty to Marcus Bjork for Fighting.
0:37 of 2nd period - Penalty to Ben Gleason for Fighting.
0:37 of 2nd period - Penalty to Marcus Bjork for instigated a fight.
0:37 of 2nd period - Penalty to Marcus Bjork for instigated a fight.
0:38 of 2nd period - Akil Thomas wins face-off versus Pontus Holmberg in neutral zone.
2:25 of 2nd period - Egor Afanasyev is hit by Noah Cates and loses puck.
2:37 of 2nd period - Penalty to Marcus Bjork is over, Alex Steeves is send on ice.
2:49 of 2nd period - Ryan Suzuki is hit by Luca Del Bel Belluz and loses puck.
3:02 of 2nd period - Brandon Duhaime is hit by Colton Dach and loses puck.
3:23 of 2nd period - Noah Cates is hit by Juuso Parssinen and loses puck.
5:10 of 2nd period - Icing by Fredrik Olofsson.
5:11 of 2nd period - Fredrik Olofsson wins face-off versus Adam Klapka in Adelaide Pink Elephants zone.
5:18 of 2nd period - Wrist shot by Tristen Robins.
5:18 of 2nd period - Stopped by Jake Allen with a rebound.
5:20 of 2nd period - Slapshot by Colton Dach.
5:20 of 2nd period - Shot Misses the Net.
5:22 of 2nd period - Snap shot by Tristen Robins.
5:22 of 2nd period - Stopped by Jake Allen with a rebound.
5:38 of 2nd period - Wrist shot by Tye Kartye.
5:38 of 2nd period - Shot Hit the Post.
5:40 of 2nd period - Snap shot by Brett Murray.
5:40 of 2nd period - Stopped by Daniel Vladar without a rebound.
5:41 of 2nd period - Luca Del Bel Belluz wins face-off versus Noah Cates in Adelaide Pink Elephants zone.
5:54 of 2nd period - Wrist shot by Ryan Suzuki.
5:54 of 2nd period - Shot Misses the Net.
5:59 of 2nd period - Minor Penalty to Ryan Suzuki for Delaying the game.
6:00 of 2nd period - Egor Afanasyev wins face-off versus Cal Clutterbuck in Adelaide Pink Elephants zone.
6:06 of 2nd period - Wrist shot by Egor Afanasyev.
6:06 of 2nd period - Stopped by Daniel Vladar without a rebound.
6:07 of 2nd period - Cal Clutterbuck wins face-off versus Egor Afanasyev in Adelaide Pink Elephants zone.
6:58 of 2nd period - Snap shot by Alex Steeves.
6:58 of 2nd period - Goal by Alex Steeves - Adelaide Pink Elephants : 1 - Philadelphia Phantoms : 3.
6:59 of 2nd period - Akil Thomas wins face-off versus Jack McBain in neutral zone.
7:02 of 2nd period - Brett Murray is hit by Ilya Solovyov and loses puck.
7:11 of 2nd period - Wrist shot by Noah Cates.
7:11 of 2nd period - Shot Blocked by Nick Blankenburg.
7:13 of 2nd period - Snap shot by Akil Thomas.
7:13 of 2nd period - Stopped by Jake Allen with a rebound.
7:15 of 2nd period - Backhand shot by Ilya Solovyov.
7:15 of 2nd period - Shot Misses the Net.
7:36 of 2nd period - Wrist shot by James Malatesta.
7:36 of 2nd period - Shot Blocked by Colton Dach.
8:08 of 2nd period - Wrist shot by Noah Cates.
8:08 of 2nd period - Shot Misses the Net.
8:19 of 2nd period - Minor Penalty to Tye Kartye for Hooking.
8:20 of 2nd period - Noah Cates wins face-off versus Jack McBain in Philadelphia Phantoms zone.
8:20 of 2nd period - Slapshot by Cal Clutterbuck.
8:20 of 2nd period - Stopped by Jake Allen without a rebound.
8:21 of 2nd period - Jack McBain wins face-off versus Noah Cates in Philadelphia Phantoms zone.
8:28 of 2nd period - Snap shot by Jack McBain.
8:28 of 2nd period - Stopped by Daniel Vladar without a rebound.
8:29 of 2nd period - Jack McBain wins face-off versus Noah Cates in Adelaide Pink Elephants zone.
10:19 of 2nd period - Penalty to Tye Kartye is over, Tye Kartye is back on ice.
10:30 of 2nd period - Wrist shot by Alex Steeves.
10:30 of 2nd period - Shot Blocked by Ben Gleason.
10:32 of 2nd period - Backhand shot by Tyler Kleven.
10:32 of 2nd period - Stopped by Daniel Vladar without a rebound.
10:33 of 2nd period - Ryan Suzuki wins face-off versus Egor Afanasyev in Adelaide Pink Elephants zone.
10:50 of 2nd period - Colton Dach is hit by Louis Crevier.
10:51 of 2nd period - Icing by Colton Dach.
10:52 of 2nd period - Ryan Suzuki wins face-off versus Jack McBain in Adelaide Pink Elephants zone.
11:07 of 2nd period - Wrist shot by Tye Kartye.
11:07 of 2nd period - Shot Misses the Net.
11:19 of 2nd period - Snap shot by Jaret Anderson-Dolan.
11:19 of 2nd period - Shot Blocked by Tristen Robins.
11:21 of 2nd period - Snap shot by Adam Klapka.
11:21 of 2nd period - Shot Misses the Net.
11:23 of 2nd period - Slapshot by Ryan Johnson.
11:23 of 2nd period - Shot Blocked by Daemon Hunt.
11:41 of 2nd period - Slapshot by Daemon Hunt.
11:41 of 2nd period - Stopped by Jake Allen without a rebound.
11:42 of 2nd period - Noah Cates wins face-off versus Pontus Holmberg in Philadelphia Phantoms zone.
11:51 of 2nd period - Pontus Holmberg is hit by Cal Clutterbuck and loses puck.
12:08 of 2nd period - Fredrik Olofsson is hit by Jack McBain and loses puck.
12:19 of 2nd period - Wrist shot by Jack McBain.
12:19 of 2nd period - Goal by Jack McBain - Adelaide Pink Elephants : 1 - Philadelphia Phantoms : 4.
12:20 of 2nd period - Cal Clutterbuck wins face-off versus Jack McBain in neutral zone.
12:57 of 2nd period - Robin Salo is hit by William Borgen and loses puck.
13:08 of 2nd period - Louis Crevier is hit by Ryan Suzuki and loses puck.
13:17 of 2nd period - Snap shot by Pontus Holmberg.
13:17 of 2nd period - Stopped by Daniel Vladar with a rebound.
13:37 of 2nd period - Slapshot by Jaret Anderson-Dolan.
13:37 of 2nd period - Stopped by Daniel Vladar without a rebound.
13:38 of 2nd period - Jack McBain wins face-off versus Fredrik Olofsson in Adelaide Pink Elephants zone.
13:41 of 2nd period - Slapshot by Tye Kartye.
13:41 of 2nd period - Stopped by Daniel Vladar with a rebound.
13:47 of 2nd period - Wrist shot by Jack McBain.
13:47 of 2nd period - Shot Misses the Net.
13:49 of 2nd period - Slapshot by Nick Blankenburg.
13:49 of 2nd period - Stopped by Daniel Vladar with a rebound.
13:51 of 2nd period - Wrist shot by Tye Kartye.
13:51 of 2nd period - Shot Blocked by Fredrik Olofsson.
13:53 of 2nd period - Wrist shot by Nick Blankenburg.
13:53 of 2nd period - Stopped by Daniel Vladar without a rebound.
13:54 of 2nd period - Egor Afanasyev wins face-off versus Noah Cates in Adelaide Pink Elephants zone.
13:59 of 2nd period - Snap shot by Egor Afanasyev.
13:59 of 2nd period - Shot Misses the Net.
14:01 of 2nd period - Wrist shot by Nick Blankenburg.
14:01 of 2nd period - Shot Blocked by Daemon Hunt.
14:03 of 2nd period - Snap shot by Egor Afanasyev.
14:03 of 2nd period - Stopped by Daniel Vladar with a rebound.
14:05 of 2nd period - Snap shot by Alex Steeves.
14:05 of 2nd period - Shot Blocked by Ilya Solovyov.
14:07 of 2nd period - Slapshot by William Borgen.
14:07 of 2nd period - Deflect By Denis Gurianov.
14:07 of 2nd period - Stopped by Daniel Vladar with a rebound.
14:09 of 2nd period - Slapshot by William Borgen.
14:09 of 2nd period - Shot Misses the Net.
14:16 of 2nd period - Icing by Denis Gurianov.
14:17 of 2nd period - Luca Del Bel Belluz wins face-off versus Noah Cates in Adelaide Pink Elephants zone.
14:20 of 2nd period - Snap shot by Tye Kartye.
14:20 of 2nd period - Shot Blocked by Cal Clutterbuck.
14:30 of 2nd period - Wrist shot by Denis Gurianov.
14:30 of 2nd period - Stopped by Jake Allen with a rebound.
14:34 of 2nd period - Snap shot by Cal Clutterbuck.
14:34 of 2nd period - Stopped by Jake Allen with a rebound.
14:36 of 2nd period - Snap shot by Noah Cates.
14:36 of 2nd period - Stopped by Jake Allen with a rebound.
14:38 of 2nd period - Slapshot by Cal Clutterbuck.
14:38 of 2nd period - Shot Blocked by Jack McBain.
14:40 of 2nd period - Slapshot by Daemon Hunt.
14:40 of 2nd period - Stopped by Jake Allen without a rebound.
14:41 of 2nd period - Luca Del Bel Belluz wins face-off versus Akil Thomas in Philadelphia Phantoms zone.
14:41 of 2nd period - Luca Del Bel Belluz is hit by Fredrik Olofsson.
14:57 of 2nd period - Snap shot by Luca Del Bel Belluz.
14:57 of 2nd period - Stopped by Daniel Vladar without a rebound.
14:58 of 2nd period - Adam Klapka wins face-off versus Noah Cates in Adelaide Pink Elephants zone.
15:03 of 2nd period - Slapshot by Brandon Duhaime.
15:03 of 2nd period - Shot Misses the Net.
15:13 of 2nd period - Snap shot by Noah Cates.
15:13 of 2nd period - Stopped by Jake Allen without a rebound.
15:14 of 2nd period - Egor Afanasyev wins face-off versus Fredrik Olofsson in Philadelphia Phantoms zone.
15:37 of 2nd period - 10 Minutes Misconduct Penalty to Marcus Bjork is over.
15:39 of 2nd period - Adam Klapka is hit by Denis Gurianov and loses puck.
15:48 of 2nd period - Snap shot by Noah Cates.
15:48 of 2nd period - Stopped by Jake Allen without a rebound.
15:49 of 2nd period - Pontus Holmberg wins face-off versus Noah Cates in Philadelphia Phantoms zone.
15:56 of 2nd period - Robin Salo is hit by Luca Del Bel Belluz and loses puck.
16:26 of 2nd period - Snap shot by Ryan Suzuki.
16:26 of 2nd period - Stopped by Jake Allen without a rebound.
16:27 of 2nd period - Cal Clutterbuck wins face-off versus Adam Klapka in Philadelphia Phantoms zone.
16:28 of 2nd period - Slapshot by Noah Cates.
16:28 of 2nd period - Goal by Noah Cates - Adelaide Pink Elephants : 2 - Philadelphia Phantoms : 4.
16:29 of 2nd period - Egor Afanasyev wins face-off versus Akil Thomas in neutral zone.
16:32 of 2nd period - Snap shot by William Borgen.
16:32 of 2nd period - Shot Blocked by Daemon Hunt.
16:34 of 2nd period - Slapshot by Nick Blankenburg.
16:34 of 2nd period - Shot Misses the Net.
16:36 of 2nd period - Snap shot by Alex Steeves.
16:36 of 2nd period - Stopped by Daniel Vladar without a rebound.
16:37 of 2nd period - Akil Thomas wins face-off versus Egor Afanasyev in Adelaide Pink Elephants zone.
16:42 of 2nd period - Slapshot by Daemon Hunt.
16:42 of 2nd period - Shot Blocked by Alex Steeves.
17:17 of 2nd period - Snap shot by Egor Afanasyev.
17:17 of 2nd period - Shot Blocked by Ilya Solovyov.
17:19 of 2nd period - Slapshot by Nick Blankenburg.
17:19 of 2nd period - Deflect By Alex Steeves.
17:19 of 2nd period - Shot Misses the Net.
17:19 of 2nd period - Puck is out of play.
17:20 of 2nd period - Adam Klapka wins face-off versus Ryan Suzuki in Adelaide Pink Elephants zone.
17:27 of 2nd period - Wrist shot by Brandon Duhaime.
17:27 of 2nd period - Stopped by Daniel Vladar without a rebound.
17:28 of 2nd period - Adam Klapka wins face-off versus Ryan Suzuki in Adelaide Pink Elephants zone.
17:40 of 2nd period - Wrist shot by Brandon Duhaime.
17:40 of 2nd period - Stopped by Daniel Vladar with a rebound.
17:42 of 2nd period - Slapshot by Marcus Bjork.
17:42 of 2nd period - Stopped by Daniel Vladar with a rebound.
17:44 of 2nd period - Slapshot by Ryan Johnson.
17:44 of 2nd period - Deflect By Adam Klapka.
17:44 of 2nd period - Stopped by Daniel Vladar with a rebound.
17:46 of 2nd period - Slapshot by Ryan Johnson.
17:46 of 2nd period - Deflect By Tristen Robins.
17:46 of 2nd period - Stopped by Daniel Vladar without a rebound.
17:47 of 2nd period - Akil Thomas wins face-off versus Jack McBain in Adelaide Pink Elephants zone.
18:14 of 2nd period - Pontus Holmberg is hit by Daemon Hunt.
18:38 of 2nd period - Jaret Anderson-Dolan is hit by Sean Farrell and loses puck.
18:43 of 2nd period - Wrist shot by Sean Farrell.
18:43 of 2nd period - Deflect By Brandon Duhaime.
18:43 of 2nd period - Stopped by Jake Allen without a rebound.
18:44 of 2nd period - Noah Cates wins face-off versus Jack McBain in Philadelphia Phantoms zone.
18:45 of 2nd period - Slapshot by Denis Gurianov.
18:45 of 2nd period - Shot Blocked by Ryan Johnson.
19:21 of 2nd period - Wrist shot by Denis Gurianov.
19:21 of 2nd period - Stopped by Jake Allen with a rebound.
19:27 of 2nd period - Slapshot by Cal Clutterbuck.
19:27 of 2nd period - Shot Misses the Net.
19:29 of 2nd period - Wrist shot by Denis Gurianov.
19:29 of 2nd period - Shot Blocked by Luca Del Bel Belluz.
19:31 of 2nd period - Slapshot by Nick Cicek.
19:31 of 2nd period - Stopped by Jake Allen without a rebound.
19:32 of 2nd period - Luca Del Bel Belluz wins face-off versus Fredrik Olofsson in Philadelphia Phantoms zone.
19:57 of 2nd period - Ilya Solovyov is hit by Tyler Kleven.
Goals for this period are 1 for Adelaide Pink Elephants vs 2 for Philadelphia Phantoms.
Shots for this period are 17 for Adelaide Pink Elephants vs 22 for Philadelphia Phantoms.
3rd period
0:01 of 3rd period - Fredrik Olofsson wins face-off versus Jack McBain in neutral zone.
0:19 of 3rd period - Minor Penalty to Jack McBain for Tripping.
0:20 of 3rd period - Egor Afanasyev wins face-off versus Fredrik Olofsson in Philadelphia Phantoms zone.
0:46 of 3rd period - Adam Klapka is hit by Ilya Solovyov and loses puck.
2:19 of 3rd period - Penalty to Jack McBain is over, Jack McBain is back on ice.
2:19 of 3rd period - Icing by Brett Murray.
2:20 of 3rd period - Noah Cates wins face-off versus Egor Afanasyev in Philadelphia Phantoms zone.
2:39 of 3rd period - Jack McBain is hit by Colton Dach and loses puck.
3:31 of 3rd period - Wrist shot by Ryan Suzuki.
3:31 of 3rd period - Shot Misses the Net.
3:33 of 3rd period - Snap shot by Colton Dach.
3:33 of 3rd period - Stopped by Jake Allen without a rebound.
3:34 of 3rd period - Adam Klapka wins face-off versus Fredrik Olofsson in Philadelphia Phantoms zone.
3:36 of 3rd period - Minor Penalty to Adam Klapka for Tripping.
3:37 of 3rd period - Noah Cates wins face-off versus Jack McBain in Philadelphia Phantoms zone.
4:03 of 3rd period - Daemon Hunt is hit by William Borgen and loses puck.
4:42 of 3rd period - Brett Murray is hit by Robin Salo and loses puck.
5:36 of 3rd period - Penalty to Adam Klapka is over, Adam Klapka is back on ice.
5:39 of 3rd period - Egor Afanasyev is hit by William Wallinder and loses puck.
5:55 of 3rd period - Icing by Robin Salo.
5:56 of 3rd period - Luca Del Bel Belluz wins face-off versus Ryan Suzuki in Adelaide Pink Elephants zone.
6:11 of 3rd period - Slapshot by Robin Salo.
6:11 of 3rd period - Shot Misses the Net.
7:03 of 3rd period - Nick Cicek is hit by James Malatesta and loses puck.
7:40 of 3rd period - Jack McBain is hit by Daemon Hunt and loses puck.
7:48 of 3rd period - Icing by Louis Crevier.
7:49 of 3rd period - Jack McBain wins face-off versus Noah Cates in Philadelphia Phantoms zone.
7:49 of 3rd period - Jack McBain is hit by Cal Clutterbuck.
8:05 of 3rd period - Snap shot by Jack McBain.
8:05 of 3rd period - Shot Misses the Net.
8:07 of 3rd period - Wrist shot by Jack McBain.
8:07 of 3rd period - Stopped by Daniel Vladar without a rebound.
8:08 of 3rd period - Adam Klapka wins face-off versus Fredrik Olofsson in Adelaide Pink Elephants zone.
8:13 of 3rd period - Slapshot by Jaret Anderson-Dolan.
8:13 of 3rd period - Stopped by Daniel Vladar with a rebound.
8:19 of 3rd period - Snap shot by Fredrik Olofsson.
8:19 of 3rd period - Stopped by Jake Allen with a rebound.
8:21 of 3rd period - Slapshot by Fredrik Olofsson.
8:21 of 3rd period - Stopped by Jake Allen with a rebound.
8:23 of 3rd period - Snap shot by Sean Farrell.
8:23 of 3rd period - Deflect By Akil Thomas.
8:23 of 3rd period - Shot Misses the Net.
8:23 of 3rd period - Puck is out of play.
8:24 of 3rd period - Egor Afanasyev wins face-off versus Noah Cates in Philadelphia Phantoms zone.
8:47 of 3rd period - Juuso Parssinen is hit by Cal Clutterbuck and loses puck.
8:56 of 3rd period - Wrist shot by Cal Clutterbuck.
8:56 of 3rd period - Shot Misses the Net.
8:58 of 3rd period - Slapshot by Noah Cates.
8:58 of 3rd period - Stopped by Jake Allen with a rebound.
9:00 of 3rd period - Slapshot by Daemon Hunt.
9:00 of 3rd period - Shot Blocked by Juuso Parssinen.
9:10 of 3rd period - Alex Steeves is hit by Noah Cates and loses puck.
9:25 of 3rd period - Wrist shot by Egor Afanasyev.
9:25 of 3rd period - Deflect By Alex Steeves.
9:25 of 3rd period - Stopped by Daniel Vladar with a rebound.
9:33 of 3rd period - Slapshot by Denis Gurianov.
9:33 of 3rd period - Stopped by Jake Allen with a rebound.
9:35 of 3rd period - Slapshot by Ilya Solovyov.
9:35 of 3rd period - Stopped by Jake Allen with a rebound.
9:37 of 3rd period - Slapshot by Daemon Hunt.
9:37 of 3rd period - Stopped by Jake Allen with a rebound.
9:39 of 3rd period - Snap shot by Daemon Hunt.
9:39 of 3rd period - Shot Misses the Net.
9:41 of 3rd period - Slapshot by Ilya Solovyov.
9:41 of 3rd period - Stopped by Jake Allen with a rebound.
9:43 of 3rd period - Snap shot by Ilya Solovyov.
9:43 of 3rd period - Stopped by Jake Allen with a rebound.
9:45 of 3rd period - Slapshot by Daemon Hunt.
9:45 of 3rd period - Stopped by Jake Allen without a rebound.
9:45 of 3rd period - Minor Penalty to Jake Allen for Slashing.
9:46 of 3rd period - Fredrik Olofsson wins face-off versus Jack McBain in Philadelphia Phantoms zone.
10:11 of 3rd period - William Wallinder is hit by Marcus Bjork and loses puck.
10:53 of 3rd period - Marcus Bjork is hit by Ryan Suzuki.
11:45 of 3rd period - Penalty to William Borgen is over, William Borgen is back on ice.
12:06 of 3rd period - Colton Dach is hit by James Malatesta and loses puck.
12:36 of 3rd period - Ben Gleason is hit by Louis Crevier.
12:53 of 3rd period - Noah Cates is hit by Jaret Anderson-Dolan and loses puck.
13:32 of 3rd period - Denis Gurianov is hit by Jaret Anderson-Dolan and loses puck.
14:23 of 3rd period - Fredrik Olofsson is hit by James Malatesta and loses puck.
15:04 of 3rd period - Denis Gurianov is hit by Egor Afanasyev and loses puck.
15:49 of 3rd period - Ville Heinola is hit by Brandon Duhaime and loses puck.
16:32 of 3rd period - Daemon Hunt is hit by Jaret Anderson-Dolan.
16:36 of 3rd period - Ryder Korczak is hit by Adam Klapka and loses puck.
16:57 of 3rd period - Fredrik Olofsson is hit by Juuso Parssinen and loses puck.
17:15 of 3rd period - Ryan Suzuki is hit by Jack McBain.
17:32 of 3rd period - Ben Gleason is hit by James Malatesta and loses puck.
17:51 of 3rd period - Cal Clutterbuck is hit by Jack McBain and loses puck.
18:22 of 3rd period - Robin Salo is hit by Juuso Parssinen and loses puck.
19:34 of 3rd period - Nick Cicek is hit by William Borgen and loses puck.
19:55 of 3rd period - Robin Salo is hit by Juuso Parssinen and loses puck.
Goals for this period are 0 for Adelaide Pink Elephants vs 0 for Philadelphia Phantoms.
Shots for this period are 10 for Adelaide Pink Elephants vs 3 for Philadelphia Phantoms.
Back to the Top